 Dungeon Sprint DCSS version 0.24.1-14-gf8d2b509d9 (webtiles) character file.

Game seed: 8229992220456530577, levelgen mode: deterministic

46 Allula97 the Sneak (level 3, -2/18 HPs)
             Began as a Vine Stalker Enchanter on Nov 17, 2020.
             Slain by an iguana (6 damage)
             ... in the Dungeon (Sprint IX: "|||||||||||||||||||||||||||||").
             The game lasted 00:00:50 (51 turns).

Allula97 the Sneak (Vine Stalker Enchanter)           Turns: 51, Time: 00:00:50

Health: -2/18      AC:  2    Str: 10    XL:     3   Next: 68%
Magic:  0/8        EV: 13    Int: 15    God:
Gold:   0          SH:  0    Dex: 15    Spells: 7/8 levels left

rFire    . . .     SeeInvis .   a - +1 dagger
rCold    . . .     Gourm    .   (no shield)
rNeg     . . .     Faith    .   b - +0 robe
rPois    .         Spirit   +   (no helmet)
rElec    .         Reflect  .   (no cloak)
rCorr    .         Harm     .   (no gloves)
MR       .....     NoTele   +   (no boots)
Stlth    +++.......             (no amulet)
HPRegen  0.06/turn              (no ring)
MPRegen  0.11/turn              (no ring)

@: lethally poisoned (-2 -> -9)
A: fangs 2, magic shield, antimagic bite, no potion heal 3, rot immunity
a: no special abilities


You were in the Dungeon.
You were not hungry.

You visited 1 branch

Inventory:

Hand Weapons
 a - a +1 dagger (weapon)
Armour
 b - a +0 robe (worn)
Scrolls
 j - a scroll of blinking
Potions
 e - a potion of curing
 f - a potion of heal wounds
 g - a potion of haste
 h - 2 potions of magic
 i - a potion of berserk rage
Comestibles
 c - 5 chunks of flesh
 d - a ration


   Skills:
 * Level 1.6 Fighting
 * Level 1.9 Short Blades
 * Level 1.4 Armour
 * Level 2.1 Dodging
 * Level 6.0 Stealth
 * Level 3.0 Spellcasting
 * Level 4.5 Hexes


You had 7 spell levels left.
You knew the following spells:

 Your Spells              Type           Power        Failure   Level  Hunger
a - Corona                Hex            ###....      3%          1    #......

Your spell library contained the following spells:

 Spells                   Type           Power        Failure   Level  Hunger
 Confuse                  Hex            ###.....     9%          3    ###....
 Tukima's Dance           Hex            ###.....     9%          3    ###....
 Ensorcelled Hibernation  Hex/Ice        #.....       12%         2    ##.....
 Dazzling Spray           Conj/Hex       #.....       24%         3    ###....


Dungeon Overview and Level Annotations

Branches:
Dungeon (1/1)

Altars:


Innate Abilities, Weirdness & Mutations

You have extremely sharp teeth.
When hurt, damage is shared between your health and your magic reserves.
Your bite disrupts and absorbs the magic of your enemies.
Potions cannot restore your health.
You are immune to rotting.


Message History

Casting: Corona (safe; 3% risk of failure)
Confirm with . or Enter, or press ? or * to list all spells.
Aiming: Corona (safe; 3% risk of failure)
Press: ? - help, Shift-Dir - straight line, f - adder
Aim: an adder (severely wounded, chance to defeat MR: 61%)
The adder is outlined in light.
The adder misses you.
You hit the adder. Your bite misses the adder.
The adder is almost dead.
The adder bites you.
* * * LOW HITPOINT WARNING * * *
You are lethally poisoned!
The adder poisons you!
You hit the adder.
You kill the adder!
Your Stealth skill increases to level 6!
Your Spellcasting skill increases to level 3!
* * * LOW HITPOINT WARNING * * *
You feel sick.
You hit the iguana but do no damage. The iguana bites you!
You die...

▓+▓
▓.▓
▓.▓
▓.▓
▓.▓
▓l▓
▓@▓
▓.▓
▓.▓
▓.▓
▓)▓
▓)▓
▓'▓
▓.▓
▓.▓


You could see an iguana.

Vanquished Creatures
  An iguana (D)
  An adder (D)
  An adder zombie (D)
  2 giant cockroaches (D)
  A goblin (D)
  2 hobgoblins (D)
  A bat (D)
9 creatures vanquished.

Notes
Turn   | Place    | Note
-------+----------+-------------------------------------------
     0 | D        | Allula97 the Vine Stalker Enchanter began the quest for the
                  | Orb.
     0 | D        | Reached XP level 1. HP: 9/9 MP: 4/4
     5 | D        | Reached skill level 1 in Short Blades
     8 | D        | Reached skill level 4 in Stealth
    28 | D        | Noticed an iguana
    28 | D        | Noticed an iguana
    30 | D        | Killed an iguana
    30 | D        | Reached skill level 1 in Fighting
    30 | D        | Reached skill level 1 in Armour
    30 | D        | Reached skill level 5 in Stealth
    30 | D        | Reached XP level 2. HP: 12/14 MP: 4/6
    30 | D        | Reached XP level 3. HP: 15/18 MP: 5/8
    50 | D        | Reached skill level 6 in Stealth
    51 | D        | Slain by an iguana

Levels and vault maps discovered:
D:        linesprint [early_d, line_temple, items_1, d_10, items_2, lair_1,
          lair_end, items_3, orc_1, orc_end, items_4, d_15, swamp_1, shoals_1,
          snake_1, spider_1, d_20, vaults_1, items_5, swamp_end, shoals_end,
          snake_end, spider_end, vaults_end, d_27, items_6, zot_1, zot_end,
          crypt_end, forest_end, elf_end, slime_end, tomb_end, abyss_end,
          pan_hell_end]

Skill      XL: |  1  2  3 |
---------------+----------+-----
Short Blades   | 1 |  1.9
Stealth        | 5 6 |  6.0
Fighting       | 1 |  1.6
Armour         | 1 |  1.4
Dodging        | 2 |  2.1
Hexes          | 4 |  4.5
Spellcasting   | 3 |  3.0

Action                   || total
-------------------------++-------
Melee: Dagger            ||    33
       Bite              ||     9
 Cast: Corona            ||     2
 Stab: Sleeping          ||     2
Armor: Robe              ||     7
Dodge: Dodged            ||    14
